 Dungeon Crawl Stone Soup version 0.24-a0-769-g368c1644f8 (webtiles) character file.

Game seed: 332802222499273472, levelgen mode: deterministic

159 Erlindor the Magician (level 5, -6/35 HPs)
             Began as a Mummy Wizard on Oct 6, 2019.
             Mangled by Grinder (9 damage)
             ... on level 3 of the Dungeon.
             The game lasted 00:09:12 (4444 turns).

Erlindor the Magician (Mummy Wizard)                Turns: 4444, Time: 00:09:12

Health: -6/35      AC:  2    Str: 10    XL:     5   Next: 17%
Magic:  4/13       EV: 12    Int: 18    God:
Gold:   95         SH:  0    Dex: 11    Spells: 13/16 levels left

rFire    x . .     SeeInvis .   c - +0 dagger
rCold    + . .     Gourm    .   (no shield)
rNeg     + + +     Faith    .   a - +0 robe
rPois    ∞         Spirit   .   b - +0 hat
rElec    .         Reflect  .   (no cloak)
rCorr    .         Harm     .   (no gloves)
MR       .....                  (no boots)
Stlth    ++........             (no amulet)
HPRegen  0.11/turn              (no ring)
MPRegen  0.13/turn              (no ring)

@: no status effects
A: no food or potions, fire vulnerability, cold resistance 1, negative energy
resistance 3, torment resistance, unbreathing
a: no special abilities


You were on level 3 of the Dungeon.
You were not hungry.

You visited 1 branch of the dungeon, and saw 3 of its levels.

You collected 95 gold pieces.

Inventory:

Hand Weapons
 c - a +0 dagger (weapon)
Missiles
 e - 104 stones (quivered)
Armour
 a - a +0 robe (worn)
 b - a +0 hat (worn)
Jewellery
 d - a +4 ring of protection {unknown}
 l - an uncursed ring of poison resistance {unknown}
Scrolls
 f - a scroll of blinking {unknown}
 g - 3 scrolls of identify {unknown}
 h - 2 scrolls of amnesia {unknown}
 i - a scroll of magic mapping {unknown}
 j - a scroll of enchant armour {unknown}
 k - 2 scrolls of remove curse {unknown}
 m - a scroll of teleportation {unknown}


   Skills:
 - Level 1.5 Dodging
 - Level 1.5 Stealth
 * Level 6.1 Spellcasting
 + Level 2.2 Conjurations
 + Level 1.6 Summonings
   Level 0.7 Translocations


You had 13 spell levels left.
You knew the following spells:

 Your Spells              Type           Power        Failure   Level  Hunger
a - Magic Dart            Conj           ##..         4%          1    N/A
b - Call Imp              Summ           ##......     9%          2    N/A

Your spell library contained the following spells:

 Spells                   Type           Power        Failure   Level  Hunger
 Blink                    Tloc           N/A          13%         2    N/A
 Slow                     Hex            #.......     19%         2    N/A
 Conjure Flame            Conj/Fire      #.......     22%         3    N/A
 Mephitic Cloud           Conj/Pois/Air  #.......     26%         3    N/A

Dungeon Overview and Level Annotations

Branches:
Dungeon (3/15)

Altars:
Uskayaw

Annotations:
D:3 Grinder


Innate Abilities, Weirdness & Mutations

You do not eat or drink.
Your flesh is vulnerable to fire.
You are immune to poison.
Your flesh is cold resistant. (rC+)
You are immune to negative energy. (rN+++)
You are immune to unholy pain and torment.
You can survive without breathing.


Message History

* * * LOW HITPOINT WARNING * * *
Your white imp closely misses Grinder.
Your crimson imp closely misses Grinder.
Your white imp gestures at Grinder.
The puff of frost hits Grinder.
Grinder resists.
You barely miss Grinder.
Grinder is almost dead.
Your crimson imp blinks! x2
Grinder drinks a potion.
Grinder is healed!
Casting: Magic Dart (safe; 4% risk of failure)
Confirm with . or Enter, or press ? or * to list all spells.
Aiming: Magic Dart (safe; 4% risk of failure)
Press: ? - help, Shift-Dir - straight line, f/p - Grinder
Aim: Grinder, carrying a wand of polymorph (6) (heavily wounded)
The magic dart hits Grinder.
Grinder is severely wounded.
Your crimson imp disappears in a puff of smoke!
Your crimson imp blinks!
Grinder hits you!
You die...

..... #....##... # .....
#...#.#### # ..$..#
##.).....##########
...§.#######)...##.........
##....#.......§.....#.##..#
##.(.................#.###..
#......................# #.#
#......................###.#
#.......§55@...............)
............#..............#
.......#...##.............##
.......######...............
...<... .........<.....
......# ..............
...... .............
...####...... .............


You could see Grinder and a friendly white imp.

Vanquished Creatures
  3 adders (D:3)
  A gnoll (D:2)
  3 dart slugs
  2 leopard geckos
  4 bats
  A giant cockroach (D:2)
  6 goblins
  11 hobgoblins
  6 jackals
  11 kobolds
  3 quokkas
  A frilled lizard (D:1)
  5 rats
57 creatures vanquished.

Vanquished Creatures (collateral kills)
  2 adders (D:2)
  7 gnolls (D:2)
  An orc (D:3)
  A giant cockroach (D:2)
  A hobgoblin (D:2)
  2 kobolds
14 creatures vanquished.

Grand Total: 71 creatures vanquished

Notes
Turn   | Place    | Note
-------+----------+-------------------------------------------
     0 | D:1      | Erlindor the Mummy Wizard began the quest for the Orb.
     0 | D:1      | Reached XP level 1. HP: 13/13 MP: 5/5
   269 | D:1      | Reached skill level 1 in Conjurations
   383 | D:1      | Reached XP level 2. HP: 19/19 MP: 1/7
  1519 | D:1      | Learned a level 2 spell: Call Imp
  1864 | D:1      | Reached skill level 5 in Spellcasting
  1864 | D:1      | Reached XP level 3. HP: 24/24 MP: 3/9
  2534 | D:2      | Reached skill level 1 in Summonings
  2759 | D:2      | Reached XP level 4. HP: 18/30 MP: 2/11
  3324 | D:2      | Noticed a +0 dagger
  3325 | D:2      | Noticed a +0 dagger
  3328 | D:2      | Found a hide-covered altar of Uskayaw.
  4213 | D:3      | Reached XP level 5. HP: 35/35 MP: 10/13
  4230 | D:3      | Reached skill level 6 in Spellcasting
  4396 | D:3      | Noticed Grinder
  4424 | D:3      | Paralysed by Grinder for 5 turns
  4444 | D:3      | Mangled by Grinder

Levels and vault maps discovered:
D:1:      tarquinn_simple_flora_water_e, layout_basic
D:2:      layout_loops_cross, dancing_weapons_uskayaw
D:3:      layout_rooms, chequers_ecumenical_altar_lobes,
          ebering_ghost_disaster_area, chequers_serial_rivers_micro_b,
          uniq_grinder

Skill      XL: |  1  2  3  4  5 |
---------------+----------------+-----
Conjurations   | 1 2 |  2.2
Spellcasting   | 5 6 |  6.1
Summonings     | 1 |  1.6
Dodging        | |  1.5
Stealth        | |  1.5
Translocations | |  0.7

Action                   |  1- 3 |  4- 6 || total
-------------------------+-------+-------++-------
Melee: Dagger            |    35 |    40 ||    75
       Unarmed           |     5 |       ||     5
Throw: Stone             |     1 |       ||     1
 Cast: Magic Dart        |    80 |    70 ||   150
       Call Imp          |     8 |    17 ||    25
 Stab: Sleeping          |       |     1 ||     1
Armor: Robe              |     9 |     2 ||    11
Dodge: Dodged            |    43 |    27 ||    70

Table legend:
 A = Non-vault XP
 B = Vault XP
 C = Vault XP percentage of total XP
 D = Non-vault monster count
 E = Vault monster count
 F = Vault count percentage of total count
                 A         B        C        D         E       F
            +---------+---------+-------+---------+---------+-------
      Total |     228 |       0 |   0.0 |      71 |       0 |   0.0
            +---------+---------+-------+---------+---------+-------
        D:1 |      43 |       0 |   0.0 |      22 |       0 |   0.0
        D:2 |     119 |       0 |   0.0 |      30 |       0 |   0.0
        D:3 |      66 |       0 |   0.0 |      19 |       0 |   0.0
            +---------+---------+-------+---------+---------+-------
